 Dungeon Crawl Stone Soup version 0.30-b1-2-g02819fbbbe (webtiles) character file.

Game seed: 10832314095556647212

105462 Mesmaeker13 the Stormcaller (level 16, -31/76 HPs)
             Began as a Tengu Air Elementalist on Aug 4, 2023.
             Was a High Priest of Sif Muna.
             Killed from afar by Ilsuiw (37 damage)
             ... with a shard of ice
             ... on level 3 of the Shoals.
             The game lasted 01:35:09 (35082 turns).

Mesmaeker13 the Stormcaller (TeAE)                 Turns: 35082, Time: 01:35:09

Health: -31/76     AC: 15    Str: 12    XL:     16   Next: 41%
Magic:  38/39      EV: 16    Int: 24    God:    Sif Muna [*****.]
Gold:   997        SH:  5    Dex: 12    Spells: 6/34 levels left

rFire   + . .        H - +2 flail (protect)
rCold   . . .        (no shield)
rNeg    . . .        E - +3 leather armour "Kirrasog" {Rampage rElec Dex-2 Slay+4}
rPois   .            C - +2 hat
rElec   +            g - +2 cloak
rCorr   .            M - +2 pair of gloves
SInv    .            (boots unavailable)
Will    ++...        w - amulet of reflection
Stlth   ++           J - ring of Eternal Harmony {rF+ Will+ Int+3}
HPRegen 0.32/turn    y - ring of magical power
MPRegen 0.26/turn

%: reflection, rampage
@: flying quickly and evasively, quick
A: beak, talons 3, nimble flight
a: Renounce Religion, Channel Magic, Forget Spell, Divine Exegesis


You were on level 3 of the Shoals.
You worshipped Sif Muna.
Sif Muna was extremely pleased with you.
You visited 5 branches of the dungeon, and saw 26 of its levels.

You collected 2561 gold pieces.
You spent 1564 gold pieces at shops.

Inventory:

Hand Weapons
 s - the +9 rapier "Iwoczupt" {spect, rF- MP-9 Str+2 Int+8}
   (You found it on level 2 of the Dungeon)

   Str:       It affects your strength (+2).
   Int:       It affects your intelligence (+8).
   rF:        It makes you vulnerable to fire.
   MP:        It affects your magic capacity (-9).
 H - a +2 flail of protection (weapon)
Missiles
 I - 4 throwing nets (quivered)
Armour
 g - a +2 cloak (worn)
 z - a +3 leather armour of cold resistance
 C - a +2 hat (worn)
 E - the +3 leather armour "Kirrasog" (worn) {Rampage rElec Dex-2 Slay+4}
   (You bought it in a shop on level 2 of the Orcish Mines)

   Dex:       It affects your dexterity (-2).
   Slay:      It affects your accuracy & damage with ranged weapons and melee
   (+4).
   rElec:     It insulates you from electricity.
   Rampage:   It bestows one free step when moving towards enemies.
 K - a +1 ring mail of fire resistance
 M - a +2 pair of gloves (worn)
Jewellery
 d - a ring of see invisible
 h - an amulet of the acrobat
 l - the ring of Daud {Fire rPois Will+ Int-4 Dex+4}
   (You acquired it on level 1 of the Shoals)

   [ring of fire]

   It enhances your fire magic.
   Int:       It affects your intelligence (-4).
   Dex:       It affects your dexterity (+4).
   rF:        It protects you from fire.
   rC:        It makes you vulnerable to cold.
   rPois:     It protects you from poison.
   Will:      It increases your willpower.
 v - a ring of ice
 w - an amulet of reflection (around neck)
 y - a ring of magical power (right hand)
 A - a +6 ring of intelligence
 G - a +5 ring of evasion
 J - the ring of Eternal Harmony (left hand) {rF+ Will+ Int+3}
   (You bought it in a shop on level 13 of the Dungeon)

   [ring of willpower]

   Int:       It affects your intelligence (+3).
   rF:        It protects you from fire.
   Will:      It increases your willpower.
Wands
 e - a wand of flame (12)
 k - a wand of digging (2)
 o - a wand of charming (3)
 L - a wand of roots (5)
Scrolls
 a - 3 scrolls of magic mapping
 c - a scroll of enchant armour
 j - 4 scrolls of teleportation
 n - 8 scrolls of silence
 x - a scroll of immolation
 D - 5 scrolls of fog
 N - a scroll of identify
Potions
 b - a potion of magic
 f - 2 potions of mutation
 i - 5 potions of heal wounds
 m - 5 potions of attraction
 p - a potion of cancellation
 q - 6 potions of might
 r - 4 potions of lignification
 u - 4 potions of haste
 B - 9 potions of curing
 F - 6 potions of brilliance


   Skills:
 + Level 7.6 Armour
 - Level 7.0 Dodging
 - Level 2.0 Stealth
 + Level 9.6 Spellcasting
 + Level 14.5 Conjurations
 + Level 15.4 Fire Magic
 + Level 19.7 Air Magic
 - Level 10.2 Invocations


You had 6 spell levels left.
You knew the following spells:

 Your Spells              Type           Power      Damage    Failure   Level
a - Plasma Beam           Fire/Air       38%        2x1d57    1%          6
b - Starburst             Conj/Fire      35%        6d10      2%          6
c - Swiftness             Air            82%        N/A       0%          3
d - Fireball              Conj/Fire      35%        3d15      1%          5
e - Airstrike             Air            41%        2d(6-22)  1%          4
f - Summon Lightning Spi  Summ/Air       56%        N/A       1%          4

Your spell library contained the following spells:

 Spells                   Type           Power      Damage    Failure   Level
 Foxfire                  Conj/Fire      100%       2x1d9     0%          1
 Shock                    Conj/Air       100%       1d9       0%          1
 Static Discharge         Conj/Air       100%       2-7/arc   0%          2
 Kiss of Death            Conj/Necr      100%       2d13      1%          1
 Magic Dart               Conj           100%       1d8       1%          1
 Cigotuvi's Dreadful Rot  Necr/Pois/Air  86%        N/A       1%          2
 Momentum Strike          Conj/Tloc      92%        3d10      1%          2
 Poisonous Vapours        Pois/Air       100%       N/A       1%          2
 Searing Ray              Conj           100%       2d8       1%          2
 Hailstorm                Conj/Ice       46%        3d11      1%          3
 Mephitic Cloud           Conj/Pois/Air  60%        N/A       1%          3
 Stone Arrow              Conj/Erth      92%        3d12      1%          3
 Vhi's Electric Charge    Tloc/Air       100%       N/A       1%          3
 Volatile Blastmotes      Fire/Tloc      96%        2d18      1%          3
 Freezing Cloud           Conj/Ice/Air   30%        6-21      1%          5
 Ignite Poison            Fire/Tmut/Pois 36%        N/A       2%          3
 Fulminant Prism          Conj/Hex       23%        3d12      3%          4
 Iskenderun's Mystic Bla  Conj/Tloc      46%        2d10      3%          4
 Apportation              Tloc           22%        N/A       7%          1
 Beastly Appendage        Tmut           22%        N/A       7%          1
 Freeze                   Ice            44%        1d6       7%          1
 Necrotise                Necr           44%        1d6       7%          1
 Sting                    Tmut/Pois      44%        1d5       7%          1
 Summon Small Mammal      Summ           44%        N/A       7%          1
 Ensorcelled Hibernation  Hex/Ice        22%        N/A       11%         2
 Lesser Beckoning         Tloc           22%        N/A       11%         2
 Passwall                 Tmut/Erth      9%         N/A       11%         2
 Wereblood                Tmut           11%        N/A       11%         2
 Call Canine Familiar     Summ           11%        N/A       21%         3
 Frozen Ramparts          Ice            22%        1d4       21%         3
 Gell's Gravitas          Tloc           11%        N/A       21%         3
 Portal Projectile        Hex/Tloc       22%        N/A       21%         3
 Spider Form              Tmut/Pois      11%        N/A       21%         3
 Teleport Other           Tloc           11%        N/A       21%         3
 Tukima's Dance           Hex            11%        N/A       21%         3
 Vampiric Draining        Necr           11%        2d6       21%         3
 Anguish                  Hex/Necr       5%         N/A       56%         4
 Animate Armour           Summ/Erth      22%        N/A       56%         4
 Animate Dead             Necr           11%        N/A       56%         4
 Leda's Liquefaction      Hex/Erth       5%         N/A       56%         4
 Passage of Golubria      Tloc           11%        N/A       56%         4
 Blade Hands              Tmut           5%         N/A       88%         5
 Borgnjor's Vile Clutch   Necr/Erth      5%         N/A       88%         5
 Lee's Rapid Deconstruct  Erth           5%         3d6*      88%         5
 Summon Forest            Summ/Tloc      5%         N/A       88%         5
 Summon Mana Viper        Hex/Summ       11%        N/A       88%         5
 Death Channel            Necr           5%         N/A       100%        6
 Eringya's Noxious Bog    Tmut/Pois      5%         N/A       100%        6
 Summon Cactus Giant      Summ           5%         N/A       100%        6
 Maxwell's Capacitive Co  Air            41%        ∞         14%         8
 Storm Form               Tmut/Air       28%        N/A       69%         7
 Dragon Form              Tmut           5%         N/A       100%        7
 Infestation              Necr           5%         N/A       100%        8
 Shatter                  Erth           5%         3d8*      100%        9


Dungeon Overview and Level Annotations

Branches:
Dungeon (15/15)            Temple (1/1) D:6            Lair (5/5) D:11
 Shoals (3/4) Lair:3        Snake (0/4) Lair:2        Slime (0/5) Lair:4
    Orc (2/2) D:9             Elf (0/3) Orc:2        Vaults (0/5) D:13
 Depths (0/4) D:15

Altars:
Ashenzari
Cheibriados
Dithmenos
Elyvilon
Fedhas
Gozag
Hepliaklqana
Makhleb
Okawaru
Qazlal
Sif Muna
Uskayaw
Wu Jian
Yredelemnul

Shops:
D:8 *   D:13 (=!   Orc:1 [   Orc:2 *![*(   Shoals:1 !

Annotations:
Shoals:3 Ilsuiw


Innate Abilities, Weirdness & Mutations

You have a beak for a mouth.
You have claws for feet.
Your magical nature lets you fly swiftly and evasively.


Message History

Press: ? - help, Shift-Dir - straight line, f - water elemental
Aim: a water elemental (summoned)
The fireball explodes!
The fireball engulfs the water elemental!!!
The water elemental is burned terribly!
You destroy the water elemental!
The water elemental disappears in a puff of smoke!
The fireball engulfs Ilsuiw.
Ilsuiw resists.
Ilsuiw is lightly wounded.
The fireball engulfs the faun!!
The faun is severely wounded.
The satyr unwields a +0 club.
The satyr wields a +0 longbow.
The satyr shoots an arrow.
The arrow hits you!!
Unknown command.
Casting: Fireball (dangerous; 1% risk of failure)
Confirm with . or Enter, or press ? or * to list all spells.
Aiming: Fireball (dangerous; 1% risk of failure)
Press: ? - help, Shift-Dir - straight line, f - faun
Aim: a faun, wielding a +0 sling (purple smoke, severely wounded, strong)
The fireball explodes!
The fireball engulfs the faun!!
You kill the faun!
Sif Muna accepts your kill.
The fireball engulfs Ilsuiw!
Ilsuiw resists.
Ilsuiw is moderately wounded.
Unknown command.
Casting: Fireball (dangerous; 1% risk of failure)
Confirm with . or Enter, or press ? or * to list all spells.
Aiming: Fireball (dangerous; 1% risk of failure)
Press: ? - help, Shift-Dir - straight line, f - Ilsuiw
Aim: Ilsuiw, wielding a +6 trident of freezing and wearing a +0 robe of fire resistance (steam, moderately wounded)
The fireball explodes!
The fireball engulfs Ilsuiw!
Ilsuiw resists.
Ilsuiw is moderately wounded.
The satyr shoots an arrow.
The arrow hits you!
* * * LOW HITPOINT WARNING * * *
Unknown command.
You feel less invigorated.
The satyr shoots an arrow.
The arrow hits you.
* * * LOW HITPOINT WARNING * * *
Ilsuiw points at you and mumbles some strange words.
The shard of ice hits you!!!
You die...

##PP.P~~~~~~
~...##.P.P~~~~.~
......P.~~~~~... ~
..~~....~~~~~.## .~
.~~≈~~~~~~~~~~.#..~
~≈≈≈~~~~~~~~~)...~~
~~≈≈≈~~~~~..~~~~~~~≈
~~~~~~~..~..))~)~~~≈≈
~~~~~~~...@....~~~~~≈
~~~~~~....~~~.~~~~~~~
~~~~~~......~~~~≈~~~~
~..~~~.....^m§§§~~~~~
....~~.####..§§§~~~~~
~...~.# ##.E§E§~~~~
~..... ##..§~~~~~
.....P ##cmc~~~~~
?##. #.§~~§≈≈≈≈


You could see Ilsuiw, a merfolk impaler, a satyr, a faun (strong) and a water
elemental (summoned).

Vanquished Creatures
  Frances (D:14)
  An orc warlord (Orc:1)
  5 dire elephants (Lair:5)
  A fire dragon (D:15)
  2 merfolk impalers (Shoals:1)
  A vault guard (D:12)
  6 hydras
  An ice dragon (D:15)
  A death knight (D:13)
  2 catoblepae
  2 centaur warriors
  An alligator snapping turtle (Shoals:3)
  4 two-headed ogres
  A merfolk aquamancer (Shoals:2)
  A tengu warrior (D:13)
  A merfolk avatar (Shoals:1)
  3 boulder beetles
  2 satyrs
  7 death yaks
  5 orc high priests (Orc:2)
  2 spectral death yaks (Lair:5)
  A spectral anaconda (Lair:5)
  4 sea snakes (Shoals:2)
  An obsidian statue (Lair:5)
  3 necromancers (Lair:5)
  12 fauns
  3 orc knights
  A cyclops (D:13)
  8 harpies
  2 orc sorcerers (Orc:2)
  A salamander (Lair:2)
  13 ugly things
  5 elephants (Lair:5)
  6 manticores
  4 merfolk sirens
  2 dire elephant zombies (Lair:5)
  3 black mambas
  A gargoyle (D:13)
  12 cane toads
  Psyche (D:12)
  A kobold demonologist (D:10)
  9 komodo dragons
  2 tengu conjurers (D:15)
  2 polar bears (Lair:5)
  8 trolls
  A freezing wraith (D:14)
  4 wind drakes
  A meliai (shapeshifter) (D:15)
  13 merfolk
  2 snapping turtles
  5 dream sheep (Lair:3)
  9 blink frogs
  A spectral elephant (Lair:5)
  Sigmund (D:4)
  19 slime creatures
  A shadow (D:10)
  7 spriggans (Lair:1)
  A vampire (D:10)
  3 water elementals (Shoals:2)
  2 wraiths
  5 wyverns
  54 yaks
  3 basilisks
  4 steam dragons
  14 vampire mosquitoes
  3 spectral cane toads (Lair:5)
  3 wargs
  An acid dragon (D:11)
  15 water moccasins
  3 black bears
  23 orc warriors
  2 sky beasts (D:6)
  An ice beast (D:6)
  4 elephant zombies (Lair:5)
  14 wolves
  3 boggarts (D:15)
  5 centaurs
  2 ogres (D:5)
  Blork the orc (D:4)
  11 bullfrogs
  2 scorpions
  3 gnoll sergeants
  16 killer bees
  An electric eel (Lair:4)
  10 howler monkeys
  4 lava snakes (Lair:2)
  3 jellies (Lair:4)
  A quasit (D:8)
  20 orc priests
  3 hounds
  3 sleepcaps
  Jessica (D:3)
  3 iguanas
  22 orc wizards
  13 gnolls
  5 adders
  A shadow imp (D:8)
  5 white imps
  4 ufetubi
  2 worms
  3 dart slugs
  55 orcs
  8 endoplasms
  2 giant cockroaches (D:1)
  3 hobgoblins
  4 jackals
  4 kobolds
  4 quokkas
  10 ball pythons
  8 bats
  8 frilled lizards
  5 goblins
  10 rats
  3 tentacles (Shoals:3)
645 creatures vanquished.

Vanquished Creatures (collateral kills)
  A death knight (D:14)
  A skeletal warrior (D:14)
  2 ugly things (D:14)
  A merfolk siren (Shoals:1)
  A freezing wraith (D:14)
  A wraith (D:14)
  3 orc warriors
  2 ogres
  A kobold brigand (D:6)
  3 orc priests
  A jelly (D:6)
  A gnoll bouda (D:7)
  A gnoll (D:7)
  4 orcs
  2 kobolds (D:6)
25 creatures vanquished.

Vanquished Creatures (others)
  An ugly thing (D:14)
  An orc warrior (Orc:2)
  A gnoll (D:7)
  2 bushes (Lair:5)
  43 fungi
  145 plants
  9 tentacles (Shoals:3)
  30 withered plants (Lair:5)
232 creatures vanquished.

Grand Total: 902 creatures vanquished

Notes
Turn   | Place    | Note
-------+----------+-------------------------------------------
     0 | D:1      | Mesmaeker13 the Tengu Air Elementalist began the quest for
                  | the Orb.
     0 | D:1      | Reached XP level 1. HP: 10/10 MP: 4/4
   270 | D:1      | Reached XP level 2. HP: 8/15 MP: 0/6
  1040 | D:1      | Reached XP level 3. HP: 19/19 MP: 4/7
  2071 | D:2      | Identified the +9 rapier "Iwoczupt" {spect, rF- MP-9 Str+2
                  | Int+8}
  2483 | D:3      | Learned a level 2 spell: Static Discharge
  2509 | D:3      | Noticed Jessica
  2520 | D:3      | Killed Jessica
  2521 | D:3      | Reached XP level 4. HP: 21/24 MP: 1/8
  3047 | D:3      | Reached skill level 5 in Air Magic
  3153 | D:3      | Gained mutation: Your magical nature lets you fly swiftly
                  | and evasively. [Tengu growth]
  3153 | D:3      | Reached XP level 5. HP: 28/28 MP: 6/10
  3339 | D:3      | Found a burning altar of Makhleb.
  3339 | D:3      | Found a white marble altar of Elyvilon.
  3446 | D:3      | Found a stormy altar of Qazlal.
  3447 | D:3      | Found an opulent altar of Gozag.
  3673 | D:4      | Learned a level 3 spell: Swiftness
  3956 | D:4      | Noticed Blork the orc
  3960 | D:4      | Killed Blork the orc
  4359 | D:4      | Reached XP level 6. HP: 15/32 MP: 11/11
  4426 | D:4      | Noticed Sigmund
  4434 | D:4      | Killed Sigmund
  4541 | D:4      | Reached skill level 6 in Air Magic
  4620 | D:5      | Entered Level 5 of the Dungeon
  4663 | D:5      | Reached XP level 7. HP: 28/36 MP: 5/13
  4978 | D:5      | Found a blossoming altar of Fedhas.
  5040 | D:5      | Reached skill level 5 in Conjurations
  5520 | D:5      | Reached skill level 5 in Dodging
  5630 | D:5      | Noticed a yak
  5631 | D:5      | Noticed a yak
  5631 | D:5      | Noticed a yak
  5631 | D:5      | Noticed a yak
  5726 | D:6      | Reached XP level 8. HP: 41/41 MP: 9/15
  5797 | D:6      | Reached skill level 7 in Air Magic
  5991 | D:6      | Found a staircase to the Ecumenical Temple.
  6000 | Temple   | Entered the Ecumenical Temple
  6035 | Temple   | Became a worshipper of Sif Muna the Loreminder
  6329 | D:6      | Reached skill level 5 in Spellcasting
  6604 | D:6      | Reached skill level 8 in Air Magic
  6851 | D:6      | Reached XP level 9. HP: 45/45 MP: 9/18
  7136 | D:6      | Learned a level 5 spell: Fireball
  7483 | D:7      | Reached skill level 1 in Fire Magic
  7966 | D:7      | Found a broken altar of Ashenzari.
  8168 | D:7      | Reached skill level 9 in Air Magic
  8354 | D:8      | Learned a level 4 spell: Airstrike
  8357 | D:8      | Found an ornate altar of the Wu Jian Council.
  8552 | D:8      | Reached * piety under Sif Muna
  8668 | D:8      | Reached skill level 1 in Armour
  9099 | D:8      | Found Ymeu's General Store.
  9529 | D:9      | Found a shadowy altar of Dithmenos.
  9650 | D:9      | Noticed a two-headed ogre
  9662 | D:9      | Killed a two-headed ogre
  9663 | D:9      | Reached skill level 10 in Air Magic
  9663 | D:9      | Reached XP level 10. HP: 50/50 MP: 11/19
  9823 | D:9      | Found a snail-covered altar of Cheibriados.
 10281 | D:9      | Found a hazy altar of Hepliaklqana.
 10572 | D:9      | Found a staircase to the Orcish Mines.
 10639 | D:10     | Entered Level 10 of the Dungeon
 10647 | D:10     | Noticed a kobold demonologist
 10650 | D:10     | Killed a kobold demonologist
 10651 | D:10     | Reached skill level 5 in Fire Magic
 10683 | D:10     | Reached skill level 10 in Conjurations
 11000 | D:10     | Reached ** piety under Sif Muna
 11001 | D:10     | Reached skill level 5 in Armour
 11187 | D:10     | Reached skill level 11 in Air Magic
 11651 | D:11     | Found a broken altar of Ashenzari.
 11854 | D:11     | Reached skill level 1 in Invocations
 11874 | D:11     | Reached XP level 11. HP: 54/54 MP: 16/20
 12024 | D:11     | Noticed a two-headed ogre
 12031 | D:11     | Killed a two-headed ogre
 12393 | D:11     | Noticed a boulder beetle
 12874 | D:11     | Reached skill level 12 in Air Magic
 13140 | D:11     | Killed a boulder beetle
 13262 | D:11     | Found a staircase to the Lair.
 13368 | D:11     | Noticed a boulder beetle
 13395 | D:11     | Killed a boulder beetle
 13655 | Lair:1   | Entered Level 1 of the Lair of Beasts
 13997 | Lair:1   | Reached *** piety under Sif Muna
 14502 | Lair:1   | Noticed a death yak
 14795 | Lair:1   | Reached XP level 12. HP: 52/59 MP: 21/21
 14917 | Lair:1   | Reached skill level 13 in Air Magic
 15293 | Lair:1   | Reached skill level 5 in Invocations
 16115 | Lair:2   | Found a staircase to the Snake Pit.
 16488 | Lair:2   | Noticed a seven-headed hydra
 16745 | Lair:2   | Killed a seven-headed hydra
 16926 | Lair:2   | Reached **** piety under Sif Muna
 17118 | Lair:2   | Reached skill level 14 in Air Magic
 17342 | Lair:2   | Learned a level 6 spell: Plasma Beam
 17439 | Lair:3   | Noticed an eight-headed hydra
 17513 | Lair:3   | Found a staircase to the Shoals.
 17633 | Lair:3   | Reached skill level 10 in Fire Magic
 17646 | Lair:3   | Killed an eight-headed hydra
 17647 | Lair:3   | Reached XP level 13. HP: 63/63 MP: 2/22
 19116 | Lair:4   | You are sucked into a shaft and drop 1 floor!
 19116 | Lair:5   | Entered Level 5 of the Lair of Beasts
 19214 | Lair:5   | Reached skill level 15 in Air Magic
 19921 | Lair:4   | Found a staircase to the Slime Pits.
 20970 | Lair:5   | Noticed a dire elephant
 20977 | Lair:5   | Killed a dire elephant
 20983 | Lair:5   | Noticed a dire elephant
 20989 | Lair:5   | Killed a dire elephant
 21149 | Lair:5   | Reached skill level 16 in Air Magic
 21520 | Lair:5   | Identified the +0 helmet "Aduotwa" {rElec rC+}
 21955 | Lair:5   | Reached XP level 14. HP: 59/68 MP: 4/23
 22150 | Lair:5   | Noticed a dire elephant
 22174 | Lair:5   | Noticed a dire elephant
 22277 | Lair:5   | Noticed a dire elephant
 22610 | Lair:5   | Killed a dire elephant
 22612 | Lair:5   | Killed a dire elephant
 22959 | Lair:5   | Reached skill level 17 in Air Magic
 22964 | Lair:5   | Identified the +3 arbalest "Cadian" {heavy, Will+ MP-9
                  | Str+2}
 23078 | Lair:5   | Killed a dire elephant
 23483 | D:12     | Noticed Psyche
 23896 | D:12     | Reached ***** piety under Sif Muna
 23938 | D:12     | Killed Psyche
 24539 | D:13     | Received a gift from Sif Muna
 24543 | D:13     | Got Tunah's Papyrus of Moving Poison {god gift}
 24706 | D:13     | Reached skill level 10 in Invocations
 25529 | D:13     | Found Zuzoe's Weapon Boutique.
 25532 | D:13     | Found Kyloorchia's Distillery.
 25543 | D:13     | Bought a potion of invisibility for 96 gold pieces
 25614 | D:13     | Found Qafiveics's Jewellery Shop.
 25618 | D:13     | Bought the ring of Eternal Harmony {rF+ Will+ Int+3} for
                  | 588 gold pieces
 25698 | D:13     | You are sucked into a shaft and drop 2 floors!
 25698 | D:15     | Entered Level 15 of the Dungeon
 25790 | D:14     | Noticed Frances
 26079 | D:15     | Found a gate leading to a gauntlet.
 26221 | D:14     | Reached XP level 15. HP: 50/72 MP: 25/26
 26228 | D:14     | Reached skill level 18 in Air Magic
 26371 | D:14     | Killed Frances
 27000 | D:13     | Found a gate to the Vaults.
 27091 | Orc:1    | Entered Level 1 of the Orcish Mines
 27470 | Orc:1    | Learned a level 4 spell: Summon Lightning Spire
 27848 | Orc:1    | Noticed an orc warlord
 27863 | Orc:1    | Killed an orc warlord
 28156 | Orc:1    | Found Yrrared's CLEARANCE SALE!.
 28223 | Orc:2    | Entered Level 2 of the Orcish Mines
 28223 | Orc:2    | Found a staircase to the Elven Halls.
 28665 | Orc:2    | Found Eppegg's General Store.
 29270 | Orc:1    | Found Toadusuv's Antique Armour Emporium.
 29599 | Orc:2    | Found Boawog's Armour Emporium.
 29599 | Orc:2    | Found Votipud's Distillery.
 29600 | Orc:2    | Found Veci's General Store.
 29604 | Orc:2    | Found Obicriw's Weapon Shoppe.
 29607 | Orc:2    | Bought the +3 leather armour "Kirrasog" {Rampage rElec
                  | Dex-2 Slay+4} for 610 gold pieces
 30330 | D:15     | Reached skill level 19 in Air Magic
 30495 | D:15     | Found a hide-covered altar of Uskayaw.
 30659 | D:15     | HP: 3/72 [fire dragon/blast of flame (28)]
 30898 | D:15     | Found a staircase to the Depths.
 31333 | Lair:1   | Learned a level 6 spell: Starburst
 31403 | Shoals:1 | Entered Level 1 of the Shoals
 31528 | Shoals:1 | Found Hyusaux's Distillery.
 31862 | Shoals:1 | Reached skill level 15 in Fire Magic
 32006 | Shoals:1 | Got Jyuteuph's Compendium of the Shifting Panacea
 32356 | Shoals:1 | Bought a potion of attraction for 45 gold pieces
 32356 | Shoals:1 | Bought 2 potions of heal wounds for 150 gold pieces
 32356 | Shoals:1 | Bought a potion of heal wounds for 75 gold pieces
 32700 | Shoals:1 | Identified a scroll of acquirement
 32700 | Shoals:1 | Acquired the ring of Daud {Fire rPois Will+ Int-4 Dex+4}
 32788 | Shoals:1 | Reached XP level 16. HP: 76/76 MP: 26/30
 33004 | Shoals:2 | Received a gift from Sif Muna
 33016 | Shoals:2 | Got Tighy's Spellbook of Lithic Abhorrent Rituals {god
                  | gift}
 33810 | Shoals:2 | Found an iron altar of Okawaru.
 34320 | Shoals:3 | Noticed a kraken
 34670 | Shoals:3 | Noticed Ilsuiw
 35082 | Shoals:3 | Killed from afar by Ilsuiw

Illustrated notes

Levels and vault maps discovered:
D:1:      onia_arrival_handbag, layout_loops_corners, hex_large
D:2:      layout_loops_corners, dreamdust_princess_bridge
D:3:      layout_loops_cross, nicolae_overflow_hidden_temple, uniq_jessica
D:4:      layout_cave_pods, minmay_door_square, uniq_blork_the_orc, uniq_sigmund
D:5:      layout_loops_corners, lemuel_tele_altar
D:6:      cheibrodos_steamvent, layout_gridville,
          minmay_temple_entry_drinking_statues, serial_rivers,
          chequers_serial_rivers_small_a, chequers_serial_rivers_large_a,
          chequers_serial_rivers_micro_a, chequers_serial_rivers_room_a,
          chequers_serial_rivers_marsh, chequers_serial_rivers_large_b,
          st_stairs_11
D:7:      layout_basic, lemuel_doored_altar, chequers_serial_rivers_marsh
D:8:      layout_gridville, mainiacjoe_overflow_boulevard, serial_shops,
          nicolae_shop_pleasant_corner_grove, serial_demonic, serial_demonic_f,
          serial_demonic_e, serial_demonic_a, serial_demonic_f,
          serial_demonic_b, serial_demonic_d
D:9:      layout_loops_cross, nzn_hepliaklqana_mist_gate, grunt_dithmenos_smoke,
          mainiacjoe_overflow_24_doors, orc_0_dummy
D:10:     layout_gridville
D:11:     layout_irregular_city, grunt_lair_entry_orc_guard_hut,
          nicolae_ashenzari_panopticon
D:12:     layout_rooms, uniq_psyche
D:13:     layout_rooms, david_vaults_4, serial_shops, nicolae_shop_peninsula,
          shop, nicolae_shop_back_alley_shop
D:14:     layout_cave_pools, minmay_stone_trees_small, minmay_misc_feat_rugged,
          uniq_frances
D:15:     grunt_enter_depths_hoard, layout_stronghold, gauntlet_entry_generic,
          nicolae_uskayaw_dance_hall
Temple:   nicolae_temple_slightly_damp_pantheon
Lair:1:   kb_forest_paths, layout_chaotic_city, grunt_megastairs_3
Lair:2:   layout_roguey, nicolae_snake_entry_warm_welcome
Lair:3:   layout_cave_pods, elwin_shoals_entry_rocks, grunt_megastairs_2
Lair:4:   layout_regular_city, nicolae_slime_entry_slimehenge,
          infiniplex_staircase_pool, serial_bayou_shore_b
Lair:5:   due_jungle_book, layout_regular_city, wad_woods_06,
          nicolae_lair_yak_garden, grunt_megastairs_4
Shoals:1: layout_shoals, serial_shops, shop, nicolae_shoals_gull_way
Shoals:2: layout_shoals, lemuel_centaur_altar
Shoals:3: layout_shoals, uniq_ilsuiw
Orc:1:    layout_caves, serial_shops, nicolae_shop_tiny_waterfront,
          nicolae_shop_clearance
Orc:2:    st_orc_mages, layout_caves, serial_shops, shop

Skill      XL: |  1  2  3  4  5  6  7  8  9 10 11 12 13 14 15 16 |
---------------+-------------------------------------------------+-----
Conjurations   | 2 3 4 5 7 9 10 12 13 14 | 14.5
Dodging        | 3 4 5 6 7 |  7.0
Air Magic      | 5 6 8 10 11 12 14 16 17 19 | 19.7
Spellcasting   | 3 4 5 7 9 |  9.6
Fire Magic     | 4 6 8 10 12 13 15 | 15.4
Armour         | 3 5 6 7 |  7.6
Invocations    | 1 4 6 8 10 | 10.2
Stealth        | |  2.0

Action                     |  1- 3 |  4- 6 |  7- 9 | 10-12 | 13-15 | 16-18 || total
---------------------------+-------+-------+-------+-------+-------+-------++-------
  Melee: Unarmed           |     4 |       |       |       |       |       ||     4
         Hand axe          |     8 |       |       |       |       |       ||     8
         Kick              |     1 |     5 |    36 |    71 |   143 |    26 ||   282
         Peck              |     1 |     2 |    19 |    42 |    90 |    12 ||   166
         Dagger            |       |    12 |    73 |    37 |       |       ||   122
         Rapier            |       |       |     9 |    27 |       |       ||    36
         Flail             |       |       |       |   131 |   376 |    54 ||   561
         Morningstar       |       |       |       |    14 |       |       ||    14
         Punch             |       |       |       |       |     6 |       ||     6
  Throw: Dart              |       |       |     1 |       |       |       ||     1
         Throwing net      |       |       |       |     2 |       |       ||     2
   Cast: Shock             |    87 |    66 |   154 |   113 |       |       ||   420
         Static Discharge  |     1 |     1 |    10 |    47 |    28 |       ||    87
         Airstrike         |       |       |    10 |   133 |    99 |       ||   242
         Fireball          |       |       |       |    17 |    83 |    32 ||   132
         Swiftness         |       |       |       |     6 |     6 |       ||    12
         Plasma Beam       |       |       |       |       |   183 |    32 ||   215
         Summon Lightning  |       |       |       |       |     6 |       ||     6
         Starburst         |       |       |       |       |       |     8 ||     8
 Invoke: Channel Magic     |       |       |       |       |    13 |     2 ||    15
         Forget Spell      |       |       |       |       |     1 |       ||     1
         Divine Exegesis   |       |       |       |       |     1 |       ||     1
  Evoke: Wand              |       |    16 |    27 |    13 |    15 |     3 ||    74
    Use: Scroll            |       |     5 |     9 |     9 |    19 |     1 ||    43
         Potion            |       |       |       |       |    10 |     3 ||    13
   Stab: Sleeping          |     1 |       |     2 |       |       |     1 ||     4
         Distracted        |       |       |       |       |     1 |       ||     1
 Armour: Robe              |     6 |     7 |     2 |       |       |       ||    15
         Steam dragon scal |       |       |    17 |    64 |   113 |       ||   194
         Troll leather arm |       |       |       |       |    24 |       ||    24
         Leather armour    |       |       |       |       |     6 |    31 ||    37
  Dodge: Dodged            |    18 |     9 |   102 |   359 |   623 |    70 ||  1181
  Block: Other             |       |       |     7 |    91 |   145 |    19 ||   262
         Reflection        |       |       |       |     2 |    11 |     3 ||    16
